 Dungeon Crawl Stone Soup version 0.31.0-12-g77e489cdc1 (webtiles) character file.

Game seed: 8149701357047065690

790 Silvore the Slasher (level 7, -14/54 HPs)
             Began as a Demonspawn Fighter on Feb 15, 2024.
             Was an Initiate of Okawaru.
             Demolished by Pikel
             ... wielding a +2 whip of electrocution
              (17 damage)
             ... on level 4 of the Dungeon.
             The game lasted 00:05:10 (4239 turns).

Silvore the Slasher (Demonspawn Fighter)            Turns: 4239, Time: 00:05:10

Health: -14/54     AC: 10    Str: 18    XL:     7   Next: 57%
Magic:  7/7        EV:  9    Int:  8    God:    Okawaru [......]
Gold:   190        SH: 11    Dex: 15    Spells: 6/6 levels left

rFire   . . .        a - +1 long sword
rCold   . . .        c - +1 buckler
rNeg    . . .        b - +0 scale mail
rPois   .            (no helmet)
rElec   .            (no cloak)
rCorr   .            j - +2 pair of gloves
SInv    +            (no boots)
Will    .....        k - amulet of reflection
Stlth   ++           t - ring of see invisible
HPRegen 0.29/turn    (no ring)
MPRegen 0.10/turn

%: reflection
@: hasted, very quick
A: thin skeletal structure 1, weakness stinger 2
a: Renounce Religion


You were on level 4 of the Dungeon.
You worshipped Okawaru.
Okawaru was noncommittal.
You visited 2 branches of the dungeon, and saw 5 of its levels.

You collected 190 gold pieces.

Inventory:

Hand Weapons
 a - a +1 long sword (weapon)
Missiles
 f - 2 throwing nets (quivered)
Armour
 b - a +0 scale mail (worn)
 c - a +1 buckler (worn)
 j - a +2 pair of gloves (worn)
Jewellery
 g - an amulet of faith
 k - an amulet of reflection (around neck)
 t - a ring of see invisible (left hand)
Wands
 d - a wand of iceblast (6)
 o - a wand of flame (19)
 r - a wand of paralysis (4)
Scrolls
 m - a scroll of amnesia
 p - 2 scrolls of enchant armour
 q - 3 scrolls of identify
Potions
 e - a potion of cancellation {unknown}
 h - 2 potions of brilliance
 i - a potion of curing {unknown}
 l - 3 potions of degeneration
 n - a potion of heal wounds {unknown}
 s - a potion of haste


   Skills:
 + Level 4.3 Fighting
 + Level 5.5 Long Blades
 + Level 4.0 Armour
 + Level 1.3 Dodging
 + Level 1.5 Stealth
 + Level 3.9 Shields


You had 6 spell levels left.
You didn't know any spells.
Your spell library contained the following spells:

 Spells                   Type           Power      Damage    Failure   Level
 Blink                    Tloc           0%         N/A       94%         2
 Lesser Beckoning         Tloc           0%         N/A       94%         2
 Momentum Strike          Conj/Tloc      0%         3d8       94%         2


Dungeon Overview and Level Annotations

Branches:
Dungeon (4/15)             Temple (1/1) D:4

Altars:
Ashenzari
Cheibriados
Dithmenos
Fedhas
Gozag
Hepliaklqana
Kikubaaqudgha
Makhleb
Nemelex Xobeh
Okawaru
Qazlal
Ru
Sif Muna
Trog
Uskayaw
Vehumet
Wu Jian
Xom

Annotations:
D:4 Pikel


Innate Abilities, Weirdness & Mutations

You have a somewhat thin skeletal structure. (Dex +2, Stealth+)
You have a tail ending in a sharp stinger.


Message History

Pikel is moderately wounded.
You block Pikel's attack. The lemure hits you but does no damage.
The lemure misses you. You block the lemure's attack.
You closely miss Pikel.
Pikel is moderately wounded.
Pikel hits you with a +2 whip of electrocution.
* * * LOW HITPOINT WARNING * * *
The lemure barely misses you. The lemure hits you but does no damage.
The lemure barely misses you.
You slash Pikel! You tail-slap Pikel.
Pikel is severely wounded.
You block the lemure's attack. You block Pikel's attack.
The lemure closely misses you.
You barely miss Pikel.
Pikel is severely wounded.
You block the lemure's attack.
You hit Pikel.
Pikel is almost dead.
Pikel says, "You'll rot in Tartarus!"
You block Pikel's attack. The lemure hits you.
* * * LOW HITPOINT WARNING * * *
The lemure hits you but does no damage. x2
Okay, then.
You barely miss Pikel.
Pikel is almost dead.
Pikel closely misses you. You block the lemure's attack. x2
The lemure closely misses you.
You hit Pikel.
Pikel is almost dead.
You block Pikel's attack. The lemure hits you.
* * * LOW HITPOINT WARNING * * *
The lemure hits you.
* * * LOW HITPOINT WARNING * * *
The lemure hits you but does no damage.
You closely miss Pikel.
Your tail-slap misses Pikel.
Pikel is almost dead.
The lemure hits you but does no damage. Pikel hits you but does no damage.
You are electrocuted!
You die...
Pikel says, "See you in Hell!"

#.........####
####..#####
#.######..#
#.........##
########...## ##. ##
##.....## ....#.#
##.......##
#.#..K####.........##
#....5@55'.........'.
#.#..5####.........###
#....# ##.......##
###.# ##.....## #.
##...## # ##'## .# .#


You could see Pikel and 4 lemures.

Vanquished Creatures
  Grinder (D:3)
  Edmund (D:4)
  Blork the orc (D:4)
  A scorpion (D:4)
  2 bombardier beetles
  A hound (D:4)
  A sleepcap (D:4)
  Ijyb (D:3)
  An iguana (D:4)
  Natasha (twice) (D:4)
  4 gnolls (D:4)
  An adder (D:3)
  A ribbon worm (D:2)
  8 dart slugs
  6 ball pythons
  11 endoplasms
  5 giant cockroaches
  6 goblins
  8 hobgoblins
  8 kobolds
  3 quokkas
  7 bats
  4 frilled lizards
  6 rats
90 creatures vanquished.

Notes
Turn   | Place    | Note
-------+----------+-------------------------------------------
     0 | D:1      | Silvore the Demonspawn Fighter began the quest for the Orb.
     0 | D:1      | Reached XP level 1. HP: 18/18 MP: 1/1
    94 | D:1      | Gained mutation: You have a somewhat thin skeletal
                  | structure. (Dex +2, Stealth+) [demonic ancestry]
    94 | D:1      | Reached XP level 2. HP: 22/24 MP: 2/2
   310 | D:1      | Reached skill level 2 in Long Blades
   461 | D:1      | Reached XP level 3. HP: 29/29 MP: 3/3
  1631 | D:2      | Reached XP level 4. HP: 35/35 MP: 4/4
  2133 | D:3      | Noticed Ijyb
  2145 | D:3      | Killed Ijyb
  2146 | D:3      | Reached skill level 3 in Long Blades
  2242 | D:3      | Reached XP level 5. HP: 41/41 MP: 5/5
  2632 | D:3      | Noticed Grinder
  2636 | D:3      | Paralysed by Grinder for 5 turns
  2648 | D:3      | Paralysed by Grinder for 4 turns
  2656 | D:3      | Killed Grinder
  2657 | D:3      | Reached skill level 4 in Long Blades
  2657 | D:3      | Reached skill level 1 in Stealth
  2657 | D:3      | Gained mutation: You have a small tail. [demonic ancestry]
  2657 | D:3      | Reached XP level 6. HP: 42/48 MP: 6/6
  2769 | D:3      | Found a faded altar of an unknown god.
  2774 | D:3      | Found a shimmering blue altar of Sif Muna.
  2825 | D:4      | Found a radiant altar of Vehumet.
  3284 | D:4      | Noticed Blork the orc
  3298 | D:4      | Killed Blork the orc
  3326 | D:4      | Found a staircase to the Ecumenical Temple.
  3440 | Temple   | Entered the Ecumenical Temple
  3510 | Temple   | Became a worshipper of Warmaster Okawaru
  3911 | D:4      | Noticed Edmund
  3912 | D:4      | Noticed Natasha
  3933 | D:4      | Killed Edmund
  3934 | D:4      | Reached skill level 5 in Long Blades
  3934 | D:4      | Reached skill level 1 in Dodging
  3934 | D:4      | Gained mutation: You have a tail ending in a sharp stinger.
                  | [demonic ancestry]
  3934 | D:4      | Reached XP level 7. HP: 20/54 MP: 7/7
  3943 | D:4      | Killed Natasha
  3950 | D:4      | HP: 2/54 [burnt (7)]
  4139 | D:4      | Noticed Natasha
  4145 | D:4      | Killed Natasha
  4176 | D:4      | Noticed Pikel
  4239 | D:4      | Demolished by Pikel

Illustrated notes

Levels and vault maps discovered:
D:1:      dpeg_arrival_circle_labyrinth_a, layout_loops_ring
D:2:      layout_basic
D:3:      layout_loops_corners, nicolae_overflow_ecumenical_swirl,
          minmay_misc_feat_room, uniq_ijyb, uniq_grinder
D:4:      layout_loops_corners, amcnicky_altar_gilded, temple_fountains,
          serial_rivers, chequers_serial_rivers_micro_b,
          chequers_serial_rivers_micro_c, chequers_serial_rivers_small_3,
          chequers_serial_rivers_micro_a, chequers_serial_rivers_small_a,
          chequers_serial_rivers_large_b, uniq_blork_the_orc, uniq_pikel,
          uniq_natasha, uniq_edmund
Temple:   minmay_temple_bridge_d

Skill      XL: |  1  2  3  4  5  6  7 |
---------------+----------------------+-----
Armour         | 3 4 |  4.0
Long Blades    | 2 3 4 5 |  5.5
Shields        | 3 |  3.9
Stealth        | 1 |  1.5
Fighting       | 4 |  4.3
Dodging        | 1 |  1.3

Action                     |  1- 3 |  4- 6 |  7- 9 || total
---------------------------+-------+-------+-------++-------
  Melee: Long sword        |   141 |   130 |    42 ||   313
         Tailslap          |       |    14 |     8 ||    22
    Use: Scroll            |     2 |     8 |       ||    10
         Potion            |       |     2 |     1 ||     3
   Stab: Sleeping          |     1 |     3 |       ||     4
 Armour: Scale mail        |    94 |    73 |    40 ||   207
  Dodge: Dodged            |    71 |    31 |    21 ||   123
  Block: Buckler           |    50 |    64 |    41 ||   155
         Reflection        |     1 |     3 |       ||     4
